 Dungeon Crawl Stone Soup version 0.31.0-32-g396128a36d (webtiles) character file.

Game seed: 7061435442798814189

2596 Logoto the Cleaver (level 9, 0/81 HPs)
             Began as a Hill Orc Berserker on Mar 29, 2024.
             Was a Priest of Trog.
             Slain by an orc warrior
             ... wielding a +0 trident
              (2 damage)
             ... in a bailey.
             The game lasted 00:12:52 (6341 turns).

Logoto the Cleaver (Hill Orc Berserker)             Turns: 6341, Time: 00:12:53

Health: 0/81       AC: 12    Str: 30    XL:     9   Next: 59%
Magic:  9/9        EV: 10    Int:  7    God:    Trog [***...]
Gold:   143        SH:  0    Dex: 10    Spells: 8/8 levels left

rFire   . . .        C - +0 war axe
rCold   . . .        (no shield)
rNeg    . . .        p - +0 chain mail {rPois}
rPois   +            (no helmet)
rElec   .            (no cloak)
rCorr   .            w - +0 pair of gloves
SInv    .            m - +0 pair of boots
Will    .....        (no amulet) Stlth
                     z - +6 ring of strength
HPRegen 0.33/turn    j - +4 ring of slaying
MPRegen 0.11/turn

%: no passive effects
@: mighty, on berserk cooldown, slowed, very slow
A: no striking features
a: Renounce Religion, Berserk, Trog's Hand


You were in a bailey.
You worshipped Trog.
Trog was most pleased with you.
You visited 1 branch of the dungeon, and saw 7 of its levels.
You also visited: Bailey.

You collected 266 gold pieces.
You spent 123 gold pieces at shops.

Inventory:

Hand Weapons
 x - a +2 flail of protection
 C - a +0 war axe (weapon)
Missiles
 u - a throwing net (quivered)
 v - 8 poisoned darts
Armour
 a - a +3 ring mail
 m - a +0 pair of boots (worn)
 p - a +0 chain mail of poison resistance (worn)
 w - a +0 pair of gloves (worn)
Jewellery
 j - a +4 ring of slaying (right hand)
 n - a +5 ring of evasion
 y - a ring of resist corrosion
 z - a +6 ring of strength (left hand)
Wands
 s - a wand of iceblast (12)
Scrolls
 b - 2 scrolls of revelation {unknown}
 f - a scroll of vulnerability {unknown}
 h - 5 scrolls of teleportation {unknown}
 i - 2 scrolls of identify {unknown}
 o - 2 scrolls of immolation {unknown}
 r - 3 scrolls of fear {unknown}
 t - a scroll of amnesia {unknown}
Potions
 c - 2 potions of curing
 d - a potion of might
 e - a potion of magic {unknown}
 g - a potion of cancellation {unknown}
 k - 2 potions of enlightenment {unknown}
 l - 4 potions of heal wounds {unknown}
 q - a potion of haste {unknown}
 A - 2 potions of ambrosia {unknown}
 B - a potion of berserk rage {unknown}


   Skills:
 + Level 7.8 Fighting
 + Level 12.5 Axes
 + Level 6.4 Armour
 + Level 3.1 Dodging
 + Level 1.0 Stealth


You had 8 spell levels left.
You didn't know any spells.
Your spell library was empty.

Dungeon Overview and Level Annotations

Branches:
Dungeon (7/15)             Temple (0/1) D:4          Bailey (1/1)

Altars:
Ashenzari
Elyvilon
Fedhas
Gozag
Hepliaklqana
Kikubaaqudgha
Makhleb
Okawaru
Qazlal
Ru
Trog
Uskayaw
Xom
The Shining One

Shops:
D:2 :   D:4 *


Message History

The orc warrior is moderately wounded.
The orc warrior hits you from afar with a +0 trident.
The orc warrior closely misses you.
You closely miss the orc warrior.
The orc warrior is moderately wounded.
The orc warrior barely misses you.
The orc warrior hits you but does no damage.
The orc warrior hits you from afar with a +0 trident!
It was a potion of curing.
You feel better.
The orc warrior hits you with a +0 spear.
The orc warrior hits you from afar with a +0 trident!
The orc warrior barely misses you.
It was a potion of might.
You feel very mighty all of a sudden.
The orc warrior hits you from afar with a +0 trident.
* * * LOW HITPOINT WARNING * * *
The orc warrior hits you with a +0 spear!
* * * LOW HITPOINT WARNING * * *
The orc warrior barely misses you.
You slash the orc warrior!
The orc warrior is almost dead.
The orc warrior closely misses you.
The orc warrior hits you from afar with a +0 trident!
* * * LOW HITPOINT WARNING * * *
The orc warrior barely misses you.
You slash the orc warrior!
You kill the orc warrior!
Trog accepts your kill. The orc warrior barely misses you.
The orc warrior barely misses you.
The orc warrior hits you but does no damage.
The orc warrior closely misses you.
You closely miss the orc warrior.
The orc warrior hits you with a +0 trident.
* * * LOW HITPOINT WARNING * * *
You closely miss the orc warrior.
The orc warrior hits you with a +0 trident.
* * * LOW HITPOINT WARNING * * *
The orc warrior hits you with a +0 trident.
You die...

####### ##.......
##..~~~~~ ##..~~...
##########..~~..#
#..........~~..##
#.~~~~~~~~~)).#
#.~........@o##
#.~.#########)#
#.~.## #.§......
#.~..## ..≈§≈§≈≈≈
#.~~..## # ..§≈o§§..≈
#
#∩.~~..#'#...§..⌠∩⌠..
#
##.~~..#'#..≈≈...⌠...
#+
#.~~..##.##..≈≈.....§
##.#
#.~..##...##..§≈§.≈≈≈
#.$.


You could see an orc warrior.

Vanquished Creatures
  Grinder (D:6)
  A water moccasin (D:7)
  5 orc warriors (Bailey)
  A black bear (D:5)
  An ogre (D:5)
  2 phantoms (D:5)
  A bullfrog (D:6)
  2 scorpions (D:5)
  8 wights
  2 howler monkeys (D:5)
  2 bombardier beetles
  A jelly (D:5)
  2 orc priests
  5 hounds
  3 iguanas
  Terence (D:2)
  3 orc wizards
  Natasha (thrice) (D:2)
  Ijyb (D:4)
  2 gnolls (D:7)
  7 adders
  A white imp (D:6)
  2 ufetubi (D:5)
  2 dart slugs
  2 ribbon worms (D:3)
  38 orcs
  3 ball pythons
  14 endoplasms
  2 giant cockroaches (D:3)
  8 goblins
  5 hobgoblins
  3 jackals (D:4)
  4 quokkas
  4 bats
  2 frilled lizards
  4 kobolds (D:4)
  9 rats
157 creatures vanquished.

Notes
Turn   | Place    | Note
-------+----------+-------------------------------------------
     0 | D:1      | Logoto the Hill Orc Berserker began the quest for the Orb.
     0 | D:1      | Reached XP level 1. HP: 19/19 MP: 1/1
   161 | D:1      | Reached XP level 2. HP: 23/27 MP: 2/2
   955 | D:2      | Reached XP level 3. HP: 29/33 MP: 3/3
  1015 | D:2      | Found Mosimix's Book Emporium.
  1055 | D:2      | Noticed Natasha
  1056 | D:2      | Found a white marble altar of Elyvilon.
  1063 | D:2      | Killed Natasha
  1064 | D:2      | Reached skill level 5 in Axes
  1201 | D:2      | Noticed Natasha
  1208 | D:2      | Killed Natasha
  1209 | D:2      | Reached XP level 4. HP: 41/41 MP: 4/4
  1282 | D:2      | Noticed Terence
  1289 | D:2      | Killed Terence
  1438 | D:2      | Noticed Natasha
  1449 | D:2      | Killed Natasha
  1450 | D:2      | Reached skill level 5 in Fighting
  1450 | D:2      | Reached XP level 5. HP: 31/48 MP: 5/5
  1896 | D:3      | Reached skill level 6 in Axes
  1998 | D:3      | Reached ** piety under Trog
  2295 | D:3      | Found an opulent altar of Gozag.
  2852 | D:4      | Found a staircase to the Ecumenical Temple.
  2963 | D:4      | Noticed Ijyb
  2973 | D:4      | Reached XP level 6. HP: 56/56 MP: 6/6
  2978 | D:4      | Killed Ijyb
  3119 | D:4      | Reached skill level 7 in Axes
  3480 | D:4      | Found a bloodstained altar of Trog.
  3538 | D:4      | Found a sacrificial altar of Ru.
  3538 | D:4      | Found a stormy altar of Qazlal.
  3543 | D:4      | Found a blossoming altar of Fedhas.
  3544 | D:4      | Found a hide-covered altar of Uskayaw.
  3550 | D:4      | Found an ancient bone altar of Kikubaaqudgha.
  3552 | D:4      | Found a white marble altar of Elyvilon.
  3557 | D:4      | Found a hazy altar of Hepliaklqana.
  3631 | D:4      | Found Hoeczouc's Assorted Antiques.
  3639 | D:4      | Reached XP level 7. HP: 61/61 MP: 7/7
  3641 | D:4      | Bought a runed flail for 123 gold pieces
  3702 | D:5      | Entered Level 5 of the Dungeon
  3720 | D:5      | Found a shimmering altar of Xom.
  3743 | D:5      | Reached skill level 8 in Axes
  3985 | D:5      | Reached skill level 9 in Axes
  4228 | D:5      | Reached XP level 8. HP: 52/70 MP: 8/8
  4246 | D:5      | Reached skill level 10 in Axes
  5130 | D:6      | Found a glowing golden altar of the Shining One.
  5250 | D:6      | Found a burning altar of Makhleb.
  5293 | D:6      | Noticed Grinder
  5301 | D:6      | Killed Grinder
  5302 | D:6      | Reached skill level 11 in Axes
  5302 | D:6      | Reached skill level 5 in Armour
  5347 | D:6      | Reached *** piety under Trog
  5424 | D:6      | Found an iron altar of Okawaru.
  5430 | D:6      | Found a broken altar of Ashenzari.
  5435 | D:6      | Reached XP level 9. HP: 72/79 MP: 9/9
  5731 | D:7      | Reached skill level 1 in Stealth
  5865 | D:7      | Found a flagged portal.
  5874 | D:7      | Reached skill level 12 in Axes
  5878 | Bailey   | Entered a bailey
  6340 | Bailey   | HP: 3/81 [orc warrior/+0 trident (6)]
  6341 | Bailey   | Slain by an orc warrior

Illustrated notes

Levels and vault maps discovered:
D:1:      wheals_arrival_linesprint, layout_basic, serial_curves,
          eino_curves_02, eino_curves_02, minmay_distorted
D:2:      layout_loops_cross, basic_altar, serial_shops, nicolae_lakefront_shop,
          uniq_terence, uniq_natasha
D:3:      layout_basic, grunt_gozag_statues, skrybe_limestone_x
D:4:      layout_rooms, trog_hazing_becter,
          nicolae_overflow_hallway_of_the_gods, minmay_temple_entry_mini_moons,
          serial_shops, nicolae_diamond_shop, uniq_ijyb
D:5:      layout_loops_ring, mainiacjoe_overflow_paths
D:6:      layout_loops_cross, mainiacjoe_overflow_concentric_impassable,
          lemuel_crystal_altar, kennysheep_mini, tso_metal_star, nrook_uturn,
          uniq_grinder
D:7:      layout_loops_ring, enter_bailey_7
Bailey:   bailey_polearm_1, bailey

Skill      XL: |  1  2  3  4  5  6  7  8  9 |
---------------+----------------------------+-----
Fighting       | 4 5 6 7 |  7.8
Axes           | 5 6 7 9 11 12 | 12.5
Dodging        | 2 3 |  3.1
Armour         | 3 5 6 |  6.4
Stealth        | 1 |  1.0

Action                     |  1- 3 |  4- 6 |  7- 9 || total
---------------------------+-------+-------+-------++-------
  Melee: Hand axe          |    63 |   201 |   132 ||   396
         Punch             |     1 |       |     1 ||     2
         War axe           |       |       |   118 ||   118
 Invoke: Berserk           |     2 |    10 |    13 ||    25
    Use: Potion            |       |       |     2 ||     2
 Armour: Animal skin       |    26 |       |       ||    26
         Leather armour    |       |    58 |       ||    58
         Chain mail        |       |    53 |   172 ||   225
  Dodge: Dodged            |    28 |   123 |   162 ||   313
